 Dungeon Crawl Stone Soup version 0.31-a0-496-g6f97920a28 (webtiles) character file.

Game seed: 10792943513641465168

32 randomguy2701 the Grave Robber (level 3, 0/19 HPs)
             Began as a Deep Elf Necromancer on Aug 9, 2023.
             Slain by an ufetubus (5 damage)
             ... on level 4 of the Dungeon.
             The game lasted 00:01:50 (1321 turns).

randomguy2701 the Grave Robber (DENe)               Turns: 1321, Time: 00:01:51

Health: 0/19       AC:  2    Str:  5    XL:     3   Next: 10%
Magic:  1/10       EV: 12    Int: 21    God:
Gold:   71         SH:  0    Dex: 15    Spells: 8/9 levels left

rFire   . . .        (no weapon)
rCold   . . .        (no shield)
rNeg    . . .        a - +0 robe
rPois   .            (no helmet)
rElec   .            (no cloak)
rCorr   .            (no gloves)
SInv    .            (no boots)
Will    .....        (no amulet)
Stlth   ++           (no ring)
HPRegen 0.23/turn    (no ring)
MPRegen 0.12/turn

%: no passive effects
@: no status effects
A: no striking features
a: no special abilities


You were on level 4 of the Dungeon.
You visited 1 branch of the dungeon, and saw 3 of its levels.

You collected 71 gold pieces.

Inventory:

Armour
 a - a +0 robe (worn)
Scrolls
 c - 4 scrolls of identify {unknown}
 g - a scroll of amnesia {unknown}
 h - a scroll of teleportation {unknown}
 i - 2 scrolls of blinking {unknown}
 j - a scroll of immolation {unknown}
Potions
 b - a potion of magic
 d - a potion of attraction {unknown}
 e - a potion of enlightenment {unknown}
 f - a potion of brilliance {unknown}


   Skills:
 + Level 2.4 Dodging
 + Level 2.5 Stealth
 + Level 3.8 Spellcasting
 + Level 5.6 Necromancy


You had 8 spell levels left.
You knew the following spells:

 Your Spells              Type           Power      Damage    Failure   Level
a - Necrotise             Necr           100%       1d9       1%          1

Your spell library contained the following spells:

 Spells                   Type           Power      Damage    Failure   Level
 Vampiric Draining        Necr           27%        2d7       3%          3
 Apportation              Tloc           8%         N/A       12%         1
 Summon Small Mammal      Summ           16%        N/A       12%         1
 Animate Dead             Necr           27%        N/A       12%         4
 Agony                    Necr           27%        N/A       34%         5
 Portal Projectile        Hex/Tloc       8%         N/A       36%         3
 Tukima's Dance           Hex            4%         N/A       36%         3
 Iskenderun's Mystic Bla  Conj/Tloc      4%         2d3       77%         4


Dungeon Overview and Level Annotations

Branches:
Dungeon (2/15)

Altars:


Message History

Your jackal skeleton bites the jackal but does no damage.
The ufetubus is unaffected.
The ufetubus barely misses you. The ufetubus hits you.
Your jackal skeleton bites the jackal but does no damage.
The ufetubus closely misses you. The ufetubus completely misses you.
The jackal closely misses you.
The ufetubus is unaffected.
Your jackal skeleton closely misses the jackal. x2
The ufetubus barely misses you. The ufetubus misses you.
The jackal closely misses you.
A phantom comes into view.
Your jackal skeleton bites the jackal but does no damage.
The ufetubus is unaffected.
The ufetubus barely misses you. The ufetubus closely misses you.
Your jackal skeleton bites the jackal but does no damage.
The jackal barely misses you.
Your jackal skeleton closely misses the jackal.
The ufetubus closely misses you. The ufetubus hits you.
Your jackal skeleton barely misses the jackal.
The ufetubus is unaffected.
The jackal bites you. The ufetubus hits you. The ufetubus misses you.
Your jackal skeleton bites the jackal but does no damage.
The jackal bites you but does no damage.
Your jackal skeleton closely misses the jackal.
The goblin hits your jackal skeleton with a +0 dagger.
You are too injured to fight recklessly!
You are too injured to fight recklessly!
Casting: Necrotise (safe; 1% risk of failure)
Confirm with . or Enter, or press ? or * to list all spells.
Aiming: Necrotise (safe; 1% risk of failure)
Press: ? - help, Shift-Dir - straight line, f - jackal, p - ufetubus
Aim: a jackal (ally target, chance to affect: 93%)
The jackal writhes in agony.
The ufetubus closely misses you. The ufetubus hits you.
* * * LOW HITPOINT WARNING * * *
The jackal barely misses you.
Your jackal skeleton bites the jackal but does no damage.
Your jackal skeleton bites the goblin.
The ufetubus barely misses you. The ufetubus hits you.
You die...

#...#
#...#
#...#
#...#
#...#
#...#
###.###
#...#
#@###
#Zh5#
..gZ.h.
#...##.#.#
#.. #.....
.. .W#.#.#
. ......#
.$.....#


You could see a phantom, an ufetubus, 2 jackals, a goblin (ally target) and 2
friendly jackal skeletons.

Vanquished Creatures
  2 dart slugs (D:1)
  2 ball pythons (D:1)
  A bat (D:2)
  3 endoplasms
  A giant cockroach (D:1)
  A goblin (D:2)
  2 hobgoblins
  2 jackals (D:4)
  4 kobolds
  A quokka (D:1)
  2 frilled lizards (D:1)
  4 rats
25 creatures vanquished.

Notes
Turn   | Place    | Note
-------+----------+-------------------------------------------
     0 | D:1      | randomguy2701 the Deep Elf Necromancer began the quest for
                  | the Orb.
     0 | D:1      | Reached XP level 1. HP: 10/10 MP: 6/6
   126 | D:1      | Reached skill level 5 in Necromancy
   229 | D:1      | Reached XP level 2. HP: 15/15 MP: 6/8
  1078 | D:2      | Found a faded altar of an unknown god.
  1286 | D:2      | Reached XP level 3. HP: 19/19 MP: 8/10
  1287 | D:2      | You fall into a shaft and drop 2 floors!
  1318 | D:4      | Noticed a phantom
  1321 | D:4      | Slain by an ufetubus

Illustrated notes

Levels and vault maps discovered:
D:1:      minmay_arrival_plants_in_alcoves, layout_basic, dk_noncrumbling_4
D:2:      layout_rooms, serial_shops, shop, basic_ecumenical_altar
D:4:      layout_cave_pools, serial_co_window_serial, co_window_corner_a,
          co_window_paths_a, co_window_of_opportunity_a, co_window_cross_1,
          co_window_paths_a, co_window_cross_4, co_window_2corner,
          co_window_broadway_b, co_window_unsneaky_path_a, glass_columns_a,
          glass_columns_b, glass_columns_a, glass_columns_a, glass_columns_c,
          minmay_cut_off

Skill      XL: |  1 |
---------------+----+-----
Necromancy     | 5 |  5.6
Dodging        | |  2.4
Stealth        | |  2.5
Spellcasting   | |  3.8

Action                     || total
---------------------------++-------
   Cast: Necrotise         ||    52
 Armour: Robe              ||     2
  Dodge: Dodged            ||    21

Table legend: (Time is in decaauts)
 A = Elapsed time spent in this place.
 B = Non-inter-level travel time spent in this place.
 C = Inter-level travel time spent in this place.
 D = Time resting spent in this place.
 E = Time spent auto-exploring this place.
 F = Levels seen in this place.
 G = Mean time per level.
                   A        B        C        D        E       F      G
               +--------+--------+--------+--------+--------+-----+--------+
         Total |   1320 |   1311 |      9 |      0 |   1182 |   3 |  440.0 |
       Dungeon |   1320 |   1311 |      9 |      0 |   1182 |   3 |  440.0 |
               +--------+--------+--------+--------+--------+-----+--------+

Top non-repeatable levels by time:
     D:1: 1019 daAuts
     D:2: 267 daAuts
     D:4: 33 daAuts
